 Dungeon Crawl Stone Soup version 0.23-a0-395-gcf17ac6c65 (webtiles) character file.

3836 PikkenKukken the Cleaver (level 9, 0/72 HPs)
             Began as a Demonspawn Berserker on Nov 1, 2018.
             Was a High Priest of Trog.
             Succumbed to a killer bee's poison
             ... on level 8 of the Dungeon.
             The game lasted 00:14:54 (7247 turns).

PikkenKukken the Cleaver (Demonspawn Berserker)     Turns: 7247, Time: 00:14:55

Health: 0/72       AC: 16    Str: 21    XL:     9   Next: 98%
Magic:  11/11      EV: 10    Int:  8    God:    Trog [*****.]
Gold:   472        SH:  0    Dex: 15    Spells: 8/8 levels left

rFire    + . .     SeeInvis .   k - +0 battleaxe
rCold    . . .     Gourm    .   (shield currently unavailable)
rNeg     . . .     Faith    .   i - +0 chain mail
rPois    .         Spirit   .   (no helmet)
rElec    .         Reflect  .   m - +2 cloak
rCorr    .         Harm     .   (no gloves)
MR       .....                  (no boots)
Stlth    ..........             n - amulet of regeneration
HPRegen  0.62/turn              w - +2 ring of dexterity
MPRegen  0.12/turn              (no ring)

@: lethally poisoned (0 -> -8), berserk cooldown, slowed, very slow
A: claws 1, molten scales 2, fire resistance 1, powered by death 1
a: Berserk, Trog's Hand, Brothers in Arms, Renounce Religion


You were on level 8 of the Dungeon.
You worshipped Trog.
Trog was extremely pleased with you.
You were very hungry.

You visited 1 branch of the dungeon, and saw 8 of its levels.

You collected 472 gold pieces.

Inventory:

Hand Weapons
 k - a +0 battleaxe (weapon)
Armour
 i - a +0 chain mail (worn)
 m - a +2 cloak (worn)
 x - a scarf of resistance
Jewellery
 n - an amulet of regeneration (around neck)
 w - a +2 ring of dexterity (left claw)
Wands
 a - a wand of disintegration (7)
 q - a wand of clouds (7)
 v - a wand of random effects (12)
Scrolls
 b - a scroll of amnesia {unknown}
 d - 2 scrolls of fear
 f - 4 scrolls of teleportation
 h - 6 scrolls of identify
 o - 2 scrolls of blinking
 t - a scroll of remove curse
 u - a scroll of enchant armour
Potions
 e - a potion of degeneration {unknown}
 g - 3 potions of curing {unknown}
 j - 2 potions of magic {unknown}
 l - a potion of agility {unknown}
 p - a potion of berserk rage {unknown}
 r - a potion of heal wounds {unknown}
 s - a potion of mutation {unknown}
 z - a potion of ambrosia {unknown}
Comestibles
 c - 10 rations
 A - 20 chunks of flesh


   Skills:
 + Level 7.0 Fighting
 * Level 8.8 Axes
 + Level 6.1 Armour
 - Level 5.0 Dodging
 + Level 3.7 Evocations


You had 8 spell levels left.
You didn't know any spells.
Your spell library was empty.

Dungeon Overview and Level Annotations

Branches:
Dungeon (8/15)             Temple (0/1) D:5
   Lair: D:8-11

Altars:
Dithmenos
Elyvilon
Gozag
Kikubaaqudgha
Makhleb
Sif Muna
Trog
Uskayaw
Vehumet
Wu Jian
Xom
Yredelemnul
The Shining One

Shops:
D:5 :   D:7 %*


Innate Abilities, Weirdness & Mutations

You have sharp fingernails.
You are mostly covered in molten scales. (AC +3)
Your flesh is heat resistant. (rF+)
You regenerate a little health from kills.


Message History

The killer bee is heavily wounded.
You feel sick.
The killer bee stings you but does no damage.
You barely miss the killer bee.
The killer bee is heavily wounded.
You feel sick. The killer bee stings you.
* * * LOW HITPOINT WARNING * * *
The killer bee stings you.
* * * LOW HITPOINT WARNING * * *
You are more poisoned.
The killer bee poisons you!
You are too berserk!
You are too berserk!
You are too berserk!
You miss the killer bee.
The killer bee is heavily wounded.
You are no longer berserk.
You are exhausted.
You feel yourself slow down.
You die...

#..................##.....)[....
#..............##..#...........#
#...........######.............#
#.........###### #.............#
#..............###..##....<....#
#.......[.####.....##..........#
#.....)...# ###...##..........#
#.........# ##.#.............#
######)#### #@.# .#..........#
#)# #....†y# # .. #.# #..<...#
#.# #......# #.# #......# #.#
#...!..# #.# #....... #.#
#......# #.#


You could see a killer bee.

Vanquished Creatures
  A hippogriff (D:7)
  A hungry ghost (D:8)
  A water moccasin (D:7)
  2 orc warriors
  A black bear (D:7)
  2 phantoms
  4 ogres
  6 centaurs
  7 bullfrogs
  A gnoll sergeant (D:7)
  A scorpion (D:7)
  2 killer bees (D:8)
  4 electric eels (D:6)
  3 crimson imps
  A quasit (D:5)
  A centaur zombie (D:8)
  A centaur skeleton (D:5)
  11 orc priests
  3 hounds (D:4)
  10 orc wizards
  A bullfrog skeleton (D:6)
  2 iguanas
  5 worker ants
  A hound zombie (D:6)
  A worker ant zombie (D:7)
  8 adders
  4 gnolls (D:7)
  2 oozes
  2 adder skeletons
  2 worms (D:2)
  A dart slug (D:3)
  7 leopard geckos
  35 orcs
  6 bats
  9 giant cockroaches
  12 goblins
  5 hobgoblins
  11 jackals
  5 quokkas
  4 frilled lizards
  A jackal skeleton (D:4)
  14 kobolds
  A leopard gecko skeleton (D:6)
  12 rats
214 creatures vanquished.

Vanquished Creatures (others)
  2 plants (D:6)
2 creatures vanquished.

Grand Total: 216 creatures vanquished

Notes
Turn   | Place    | Note
-------+----------+-------------------------------------------
     0 | D:1      | PikkenKukken the Demonspawn Berserker began the quest for
                  | the Orb.
     0 | D:1      | Reached XP level 1. HP: 18/18 MP: 1/1
   139 | D:1      | Gained mutation: You regenerate a little health from kills.
                  | [demonic ancestry]
   139 | D:1      | Reached XP level 2. HP: 23/24 MP: 2/2
   161 | D:1      | Reached skill level 3 in Axes
   744 | D:1      | Gained mutation: You are partially covered in molten
                  | scales. (AC +2) [demonic ancestry]
   744 | D:1      | Reached XP level 3. HP: 22/29 MP: 3/3
  1404 | D:2      | Reached ** piety under Trog
  1683 | D:2      | Reached XP level 4. HP: 35/35 MP: 4/4
  2341 | D:3      | Found a deep blue altar of Sif Muna.
  2688 | D:3      | Reached skill level 4 in Axes
  2688 | D:3      | Gained mutation: Your flesh is heat resistant. (rF+)
                  | [demonic ancestry]
  2688 | D:3      | Reached XP level 5. HP: 30/42 MP: 5/5
  2762 | D:3      | Noticed a dagger
  2762 | D:3      | Noticed a dagger
  2770 | D:3      | Found a hide-covered altar of Uskayaw.
  2845 | D:3      | Reached *** piety under Trog
  3615 | D:4      | Gained mutation: You are mostly covered in molten scales.
                  | (AC +3) [demonic ancestry]
  3615 | D:4      | Reached XP level 6. HP: 48/48 MP: 6/6
  3659 | D:4      | Found a shimmering altar of Xom.
  3974 | D:4      | Found a burning altar of Makhleb.
  4020 | D:4      | Found a white marble altar of Elyvilon.
  4112 | D:4      | Found a glowing golden altar of the Shining One.
  4253 | D:5      | Entered Level 5 of the Dungeon
  4276 | D:5      | Reached skill level 5 in Axes
  4276 | D:5      | Reached XP level 7. HP: 55/55 MP: 7/7
  4370 | D:5      | Found a staircase to the Ecumenical Temple.
  4459 | D:5      | Found a shadowy altar of Dithmenos.
  4584 | D:5      | Found a basalt altar of Yredelemnul.
  4609 | D:5      | Found Tuofuvam's Book Shoppe.
  4719 | D:5      | Reached **** piety under Trog
  4756 | D:5      | Found an ancient bone altar of Kikubaaqudgha.
  4932 | D:6      | Reached skill level 5 in Fighting
  4940 | D:6      | Reached skill level 6 in Axes
  4940 | D:6      | Reached XP level 8. HP: 34/62 MP: 8/8
  5020 | D:6      | Found an opulent altar of Gozag.
  5116 | D:6      | Found a radiant altar of Vehumet.
  5636 | D:6      | Reached skill level 7 in Axes
  5789 | D:6      | Reached skill level 5 in Armour
  5789 | D:6      | Reached skill level 1 in Evocations
  5959 | D:6      | Reached skill level 5 in Dodging
  6087 | D:7      | Gained mutation: You have sharp fingernails. [demonic
                  | ancestry]
  6087 | D:7      | Reached XP level 9. HP: 64/69 MP: 9/9
  6297 | D:7      | Found an ornate altar of the Wu Jian Council.
  6403 | D:7      | Found Vousomya's Food Shoppe.
  6646 | D:7      | Found Kyufegent's Assorted Antiques.
  6719 | D:7      | Reached ***** piety under Trog
  6723 | D:7      | Reached skill level 8 in Axes
  6859 | D:7      | Found a bloodstained altar of Trog.
  7126 | D:8      | Found an opulent altar of Gozag.
  7246 | D:8      | HP: 5/108 [killer bee (5)]
  7246 | D:8      | HP: 1/108 [killer bee (4)]
  7247 | D:8      | Succumbed to a killer bee's poison

Vault maps used:
D:1:      saegor_arrival_under_anarchy, minmay_tall_x
D:3:      dancing_weapons_uskayaw, led_sif_book
D:4:      kennysheep_mini, lemuel_doored_altar, overflow_temple_1_default,
          first_ration, abandoned_shop, tgw_xom
D:5:      nicolae_overflow_crystal_walls,
          nicolae_dithmenos_through_a_glass_darkly, overflow_temple_1_default,
          minmay_temple_entry_glass, serial_shops, shop
D:6:      wad_lake_hut, lemuel_round_altar, basic_altar
D:7:      marbit_many_paths, bloody_trog, serial_shops,
          nicolae_shop_statue_plus, nicolae_shop_overgrown_old_shop
D:8:      lemuel_coloured_pillars_altar, nicolae_gozag_seed_capital,
          enter_bailey_3

Skill      XL: |  1  2  3  4  5  6  7  8  9 |
---------------+----------------------------+-----
Armour         | 2 3 4 5 6 |  6.1
Axes           | 3 4 5 6 7 8 |  8.8
Dodging        | 2 3 4 5 |  5.0
Fighting       | 4 5 6 7 |  7.0
Evocations     | 1 3 |  3.7

Action                   |  1- 3 |  4- 6 |  7- 9 || total
-------------------------+-------+-------+-------++-------
Melee: Hand axe          |   127 |   226 |   254 ||   607
       Battleaxe         |       |       |   173 ||   173
Invok: Berserk           |     4 |     8 |    16 ||    28
  Use: Scroll            |       |     9 |     1 ||    10
 Stab: Sleeping          |     5 |       |       ||     5
  Eat: Chunk             |     6 |    12 |    25 ||    43
       Ration            |       |     1 |     1 ||     2
Armor: Animal skin       |    29 |    32 |       ||    61
       Chain mail        |       |    94 |   253 ||   347
Dodge: Dodged            |    85 |   136 |   262 ||   483

Table legend:
 A = Non-vault XP
 B = Vault XP
 C = Vault XP percentage of total XP
 D = Non-vault monster count
 E = Vault monster count
 F = Vault count percentage of total count
                 A         B        C        D         E       F
            +---------+---------+-------+---------+---------+-------
      Total |    5360 |     120 |   2.2 |     202 |      12 |   5.6
            +---------+---------+-------+---------+---------+-------
        D:1 |      38 |       7 |  15.6 |      20 |       4 |  16.7
        D:2 |      78 |       0 |   0.0 |      25 |       0 |   0.0
        D:3 |     158 |      40 |  20.2 |      40 |       1 |   2.4
        D:4 |     222 |      41 |  15.6 |      13 |       6 |  31.6
        D:5 |     754 |       0 |   0.0 |      24 |       0 |   0.0
        D:6 |    1416 |       0 |   0.0 |      31 |       0 |   0.0
        D:7 |    1512 |      32 |   2.1 |      25 |       1 |   3.8
        D:8 |    1182 |       0 |   0.0 |      24 |       0 |   0.0
            +---------+---------+-------+---------+---------+-------
